Map: Orbital Shipyard

Players

Blaze - Winner!

  • Race: Protoss Protoss
  • League: Silver

wabbajack

  • Race: Zerg Zerg
  • League: Gold

VOD

Have the link to the VOD?

Description

Time

  • Played on: July 20, 2015, 3:41 p.m.
  • Length: 12:11
Show
View Real Time Build Order
Export as new Build Order

Blaze Protoss - Winner!

Build Orders:  

Get SALT Encoding   

  12  0:09  Pylon  
  12  0:13  Probe  
  13  0:30  Gateway  
  13  0:33  Probe (Chrono Boost)  
  15  0:42  Probe (Chrono Boost)  
  15  0:50  Probe  
  15  0:51  Assimilator  
  16  1:02  Probe (Chrono Boost)  
  17  1:14  Probe (Chrono Boost)  
  17  1:16  Pylon  
  18  1:19  Cybernetics Core  
  18  1:21  Probe (Chrono Boost)  
  19  1:33  Probe (Chrono Boost)  
  20  1:44  Probe (Chrono Boost)  
  21  1:51  Probe (Chrono Boost)  
  22  1:58  Nexus  
  22  2:03  Mothership Core  
  24  2:09  Adept  
  24  2:13  Assimilator  
  26  2:27  Probe (Chrono Boost), Pylon  
  26  2:28  Warp Gate (Chrono Boost)  
  28  2:38  Probe (Chrono Boost)  
  28  2:46  Probe (Chrono Boost)  
  29  2:53  Probe (Chrono Boost)  
  30  3:01  Twilight Council, Probe  
  31  3:15  Probe (Chrono Boost)  
  32  3:20  Probe (Chrono Boost)  
  32  3:26  Sentry  
  36  3:30  Probe x2 (Chrono Boost)  
  36  3:32  Gateway  
  36  3:33  Gateway  
  37  3:37  Probe  
  38  3:45  Probe  
  39  3:58  Probe x2  
  41  4:06  Pylon  
  41  4:10  Probe (Chrono Boost)  
  41  4:12  Probe (Chrono Boost)  
  43  4:22  Probe (Chrono Boost)  
  45  4:27  Shield Upgrade  
  45  4:28  Probe (Chrono Boost)  
  45  4:32  Probe (Chrono Boost)  
  45  4:36  Probe (Chrono Boost)  
  47  4:39  Adept x3  
  47  4:43  Probe (Chrono Boost)  
  47  4:44  Nexus  
  54  4:47  Pylon  
  54  4:48  Assimilator  
  54  4:54  Assimilator  
  48  5:12  Stalker x3  
  52  5:22  Probe x2  
  50  5:33  Blink (Chrono Boost)  
  50  5:34  Probe (Chrono Boost)  
  52  5:37  Probe (Chrono Boost)  
  52  5:43  Adept x3  
  52  5:46  Probe (Chrono Boost)  
  52  5:49  Probe (Chrono Boost)  
  62  5:57  Probe x2 (Chrono Boost)  
  62  5:59  Probe (Chrono Boost)  
  63  6:07  Probe x2 (Chrono Boost)  
  63  6:08  Adept  
  63  6:09  Adept x2  
  69  6:12  Probe  
  69  6:15  Probe  
  71  6:20  Probe  
  73  6:26  Probe (Chrono Boost)  
  73  6:31  Probe (Chrono Boost)  
  75  6:32  Probe (Chrono Boost)  
  75  6:39  Probe (Chrono Boost)  
  77  6:42  Adept  
  77  6:43  Probe (Chrono Boost), Adept, Pylon  
  77  6:45  Probe (Chrono Boost)  
  82  6:53  Pylon  
  82  6:55  Pylon  
  82  6:59  Forge  
  82  7:01  Forge  
  85  7:03  Probe x2 (Chrono Boost)  
  85  7:04  Sentry x2  
  85  7:06  Pylon  
  85  7:07  Probe (Chrono Boost), Robotics Facility  
  89  7:12  Probe x2 (Chrono Boost)  
  89  7:13  Adept  
  89  7:15  Probe (Chrono Boost)  
  95  7:23  Probe x2 (Chrono Boost)  
  95  7:29  Pylon  
  97  7:31  Probe (Chrono Boost)  
  97  7:33  Probe (Chrono Boost)  
  97  7:34  Probe (Chrono Boost), Protoss Ground Weapons Level 1 (Chrono Boost), Protoss Ground Armor Level 1 (Chrono Boost)  
  99  7:41  Probe x2 (Chrono Boost)  
  99  7:42  Probe (Chrono Boost)  
  102  7:50  Gateway  
  102  7:52  Gateway  
  102  7:54  Gateway  
  102  7:56  Gateway  
  102  7:58  Pylon  
  102  8:03  Stalker x2  
  102  8:04  Stalker  
  104  8:13  Observer  
  103  8:23  Probe x2  
  103  8:26  Assimilator  
  103  8:28  Assimilator  
  103  8:32  Stalker x3  
  107  8:55  Probe  
  107  8:56  Probe  
  107  9:02  Stalker x2  
  111  9:03  Stalker x4  
  111  9:04  Stalker  
  84  9:32  Stalker x4  
  84  9:33  Stalker x3  
  77  9:56  Protoss Ground Weapons Level 2 (Chrono Boost)  
  77  9:58  Protoss Ground Armor Level 2 (Chrono Boost)  
  67  10:00  Probe x3  
  67  10:03  Observer (Chrono Boost)  
  70  10:10  Adept x5  
  70  10:11  Adept x2  
  70  10:13  Probe x2 (Chrono Boost)  
  86  10:20  Immortal (Chrono Boost)  
  90  10:32  Gateway  
  90  10:35  Gateway  
  90  10:36  Adept x2, Photon Cannon  
  90  10:37  Adept x4  
  90  10:38  Adept  
  92  11:02  Adept x4  
  92  11:03  Adept  
  101  11:16  Stalker x2  
  105  11:22  Probe (Chrono Boost)  
  108  11:28  Probe x2 (Chrono Boost)  
  108  11:31  Pylon  
  108  11:38  Probe (Chrono Boost)  
  111  11:40  Stalker, Probe x2 (Chrono Boost)  
  111  11:41  Stalker x4  
  111  11:42  Stalker x2  
  125  11:50  Probe (Chrono Boost)  
  128  11:54  Pylon  
  128  11:55  Probe x2 (Chrono Boost)  
  128  11:57  Probe (Chrono Boost)  
  128  12:00  Sentry x2  
  133  12:06  Pylon  
Show
View Real Time Build Order
Export as new Build Order

wabbajack Zerg 

Build Orders: Hatch First 

Get SALT Encoding   

  12  0:01  Drone  
  13  0:11  Drone  
  14  0:17  Overlord  
  14  0:28  Drone, Extractor  
  16  0:35  Drone x2  
  17  0:53  Hatchery  
  16  1:00  Drone x2  
  18  1:08  Drone  
  18  1:10  Extractor  
  18  1:22  Spawning Pool  
  17  1:26  Drone  
  18  1:35  Drone  
  18  1:38  Overlord  
  19  1:51  Drone  
  20  1:55  Extractor  
  20  1:59  Drone  
  20  2:08  Queen  
  20  2:09  Queen  
  24  2:19  Drone  
  24  2:21  Drone  
  24  2:22  Drone x2  
  28  2:27  Baneling Nest  
  27  2:33  Zergling x4  
  29  2:38  Zergling x2  
  29  2:42  Zergling x2  
  31  2:48  Pneumatized Carapace  
  31  2:54  Overlord  
  32  2:58  Zergling x2  
  32  3:02  Zergling x2  
  32  3:44  Zergling x4  
  32  3:45  Zergling x2  
  35  3:54  Spine Crawler  
  34  3:56  Overlord, Spine Crawler x2  
  34  3:58  Drone  
  34  3:59  Drone x6  
  34  4:01  Baneling x3  
  39  4:02  Baneling  
  39  4:05  Baneling x2  
  39  4:07  Baneling x2  
  27  5:28  Zergling x4  
  27  5:29  Zergling x8  
  27  5:30  Zergling x8  
  27  5:31  Zergling x4  
  39  5:36  Roach Warren  
  39  5:39  Drone x6  
  44  5:50  Hatchery  
  44  5:55  Metabolic Boost  
  40  6:23  Overlord x2  
  40  6:26  Roach x3  
  40  6:27  Roach x3  
  40  6:28  Overlord x2  
  45  6:45  Overlord x2  
  45  6:58  Drone x5  
  50  7:01  Drone  
  50  7:02  Drone  
  50  7:03  Drone x2  
  54  7:13  Roach  
  54  7:14  Roach x4  
  64  7:16  Lair  
  64  7:21  Evolution Chamber  
  63  7:24  Queen  
  65  7:37  Zergling x2  
  65  7:38  Zergling x6  
  65  7:39  Zergling x2  
  65  7:40  Zergling x4  
  72  7:46  Baneling x5  
  55  8:22  Roach x2  
  55  8:23  Roach x11  
  59  9:23  Zergling x2  
  50  9:24  Zergling x36  
  50  9:25  Zergling x14  
  50  9:29  Queen x2  
  50  9:30  Queen  
  41  10:15  Drone x7  
  41  10:16  Drone x2  
  49  10:52  Hydralisk Den  
  49  10:55  Roach x12  
  49  10:56  Roach  
  65  11:23  Hatchery  
  64  11:29  Extractor  
  64  11:30  Drone x3  
  64  11:31  Drone x3, Extractor  
  64  11:32  Drone x3  
  71  11:34  Drone  
Tags
 
Add a new tag
Caveats
  • Supply blocks, unpowered buildings, or Contaminate may cause inaccurate times.
  • Supply counts are checked every 10 seconds.